 Dungeon Crawl Stone Soup version 0.27-a0-416-gca2cecf3c0 (webtiles) character file.

Game seed: 9927257662176107357

28 dickylongcocking the Sneak (level 3, 0/26 HPs)
             Began as an Octopode Delver on Feb 25, 2021.
             Was an Initiate of Gozag.
             Succumbed to a worker ant's poison
             ... on level 4 of the Dungeon.
             The game lasted 00:00:57 (455 turns).

dickylongcocking the Sneak (Octopode Delver)         Turns: 455, Time: 00:00:58

Health: 0/26       AC:  1    Str: 11    XL:     3   Next: 14%
Magic:  3/3        EV: 13    Int: 12    God:    Gozag
Gold:   9          SH:  0    Dex: 14    Spells: 2/2 levels left

rFire    . . .     SeeInvis .     - Unarmed
rCold    . . .     Faith    .   (no shield)
rNeg     . . .     Spirit   .   (helmet restricted)
rPois    .         Reflect  .   (no amulet)
rElec    .         Harm     .   (no ring)
rCorr    .         Rampage  .   (no ring)
Will     .....                  (no ring)
Stlth    ++++......             (no ring)
HPRegen  0.08/turn              (no ring)
MPRegen  0.08/turn              (no ring)
                                (no ring)
                                (no ring)

@: lethally poisoned (0 -> -6), gold aura
A: almost no armour, stealthy swim, amphibious, 8 rings, constrict 8, camouflage
1, gelatinous body 1
a: Renounce Religion, Potion Petition, Call Merchant, Bribe Branch


You were on level 4 of the Dungeon.
You worshipped Gozag.
Gozag was noncommittal.
You visited 1 branch of the dungeon, and saw 2 of its levels.

You collected 22 gold pieces.
You paid 13 gold pieces to Gozag.

Inventory:

Wands
 e - a wand of digging (2)
Scrolls
 a - a scroll of fog


   Skills:
 - Level 3.0 Fighting
 - Level 2.0 Dodging
 - Level 6.6 Stealth
 * Level 3.5 Unarmed Combat


You had 2 spell levels left.
You didn't know any spells.
Your spell library was empty.

Dungeon Overview and Level Annotations

Branches:
Dungeon (5/15)
 Temple: D:4-7

Altars:
Gozag

Shops:
D:4 [


Innate Abilities, Weirdness & Mutations

You cannot wear most types of armour.
You are very stealthy in the water. (Stealth+)
You are amphibious.
You can wear up to eight rings at the same time.
You can use your tentacles to constrict eight enemies at once.
Your skin changes colour to match your surroundings (Stealth+).
Your rubbery body absorbs attacks. (AC +1, EV +1)


Message History

The worker ant is almost dead.
You constrict the worker ant.
You feel sick. The worker ant bites you.
* * * LOW HITPOINT WARNING * * *
You are more poisoned.
The worker ant poisons you!
You aren't carrying any potions.
Unknown command.
You tentacle-slap the worker ant.
You kill the worker ant!
* * * LOW HITPOINT WARNING * * *
You feel sick.
Your Unarmed Combat skill increases to level 3!
You have reached level 2!
You have reached level 3!
Your experience leads to an increase in your attributes!
Increase (S)trength, (I)ntelligence, or (D)exterity?
You feel agile.
There is a lethal amount of poison in your body!
There is a lethal amount of poison in your body!
There is a lethal amount of poison in your body!
There is a lethal amount of poison in your body!
There is a lethal amount of poison in your body!
Okay, then.
You aren't carrying any potions.
Unknown command.
You need at least 400 gold to purchase potions right now!
Unknown command.
Found a blackened pearl amulet.
You see here 8 gold pieces.
You now have 9 gold pieces (gained 8).
* * * LOW HITPOINT WARNING * * *
You feel sick.
* * * LOW HITPOINT WARNING * * *
You feel sick.
You aren't carrying any pieces of jewellery.
Unknown command.
* * * LOW HITPOINT WARNING * * *
You feel sick.
You die...
Your body crumbles into a pile of gold.

####### #######...
... ........# #.#
.....♣.# #.##
.♣.♣.∩.♣ ##..#####
.....♣#####.#.#.#.###
P.................."#
P♣....#####.....@.#
♣♣..######.?.......#
#...# #>.#.......##
##.## #.....>.....#
#.# #.##.......## #.#
#.#.........# ##.#
#.##.#.#.#.## ...#
#.####.####. ...##
#.#


There were no monsters in sight!

Vanquished Creatures
  A worker ant (D:4)
  An orc (D:5)
  2 jackals (D:5)
4 creatures vanquished.

Notes
Turn   | Place    | Note
-------+----------+-------------------------------------------
     0 | D:5      | dickylongcocking the Octopode Delver began the quest for
                  | the Orb.
     0 | D:5      | Reached XP level 1. HP: 16/16 MP: 1/1
    10 | D:5      | Found an opulent altar of Gozag.
    64 | D:5      | Became a worshipper of Gozag Ym Sagoz the Greedy
   122 | D:4      | Noticed a worker ant
   427 | D:4      | Found Cage Vay's Antique Armour Shop.
   449 | D:4      | Killed a worker ant
   450 | D:4      | Reached XP level 2. HP: 3/21 MP: 2/2
   450 | D:4      | Reached XP level 3. HP: 4/26 MP: 3/3
   454 | D:4      | HP: 1/26 [poisoned by a worker ant]
   455 | D:4      | Succumbed to a worker ant's poison

Illustrated notes

Levels and vault maps discovered:
D:4:      layout_loops_ring, nzn_hepliaklqana_mist_gate, serial_forest,
          infiniplex_forest_corner_1, infiniplex_forest_lined_room_2,
          infiniplex_forest_clump_tiny, infiniplex_forest_clump_tiny,
          infiniplex_forest_end_1, serial_shops, nicolae_shop_waterfront, shop,
          nicolae_shop_statue_plus, shop, nicolae_shop_trees, st_stairs_4
D:5:      layout_cave_pools, amethyst_overflow_temple_binary,
          cheibriados_altar_1, grunt_gozag_breadcrumbs

Skill      XL: |  1 |
---------------+----+-----
Unarmed Combat | 3 |  3.5
Fighting       | |  3.0
Dodging        | |  2.0
Stealth        | |  6.6

Action                   || total
-------------------------++-------
Melee: Unarmed           ||    14
       Constrict         ||     4
       Tentacles         ||     4
Evoke: Wand              ||     1
  Use: Scroll            ||     2
       Potion            ||     1
Dodge: Dodged            ||    12

Table legend: (Time is in decaauts)
 A = Elapsed time spent in this place.
 B = Non-inter-level travel time spent in this place.
 C = Inter-level travel time spent in this place.
 D = Time resting spent in this place.
 E = Time spent auto-exploring this place.
 F = Levels seen in this place.
 G = Mean time per level.
                   A        B        C        D        E       F      G
               +--------+--------+--------+--------+--------+-----+--------+
         Total |    438 |    438 |      0 |    278 |     41 |   2 |  219.0 |
       Dungeon |    438 |    438 |      0 |    278 |     41 |   2 |  219.0 |
               +--------+--------+--------+--------+--------+-----+--------+

Top non-repeatable levels by time:
     D:4: 325 daAuts
     D:5: 113 daAuts
